Map: Fracture LE

Players

HeroMarine - Winner!

  • Race: Terran Terran
  • Spawn Location: 5:00

Semper

  • Race: Terran Terran
  • Spawn Location: 11:00

Event: WCS Montreal 2018

VOD

Have the link to the VOD?

Description

Time

  • Played on: Sept. 8, 2018, 2:36 p.m.
  • Length: 12:22

All games in this series

Show
View Real Time Build Order
Export as new Build Order

HeroMarine Terran - Winner!

Build Orders: Cyclone Opening, Bio Tank 

Get SALT Encoding   

  12  0:00  SCV  
  13  0:12  SCV  
  14  0:17  Supply Depot  
  14  0:25  SCV  
  14  0:28  Refinery  
  15  0:38  SCV  
  16  0:43  Barracks  
  16  0:50  SCV  
  16  0:55  Refinery  
  17  1:02  SCV  
  18  1:14  SCV  
  19  1:31  Orbital Command  
  19  1:32  Factory  
  19  1:34  Reaper  
  20  1:42  Supply Depot  
  20  1:56  SCV  
  21  2:06  Reaper  
  23  2:08  SCV  
  23  2:15  Cyclone  
  26  2:20  SCV  
  27  2:31  Command Center  
  27  2:33  SCV  
  28  2:42  Starport  
  28  2:47  Supply Depot  
  28  2:56  Cyclone  
  31  3:09  SCV  
  32  3:19  Medivac  
  34  3:21  SCV  
  35  3:33  SCV  
  35  3:34  Cyclone  
  39  3:43  Orbital Command  
  39  3:45  SCV  
  40  3:49  Viking  
  41  3:57  SCV  
  41  4:04  Barracks Reactor  
  41  4:09  SCV x2  
  43  4:12  Command Center  
  43  4:14  Factory Tech Lab  
  43  4:21  SCV  
  43  4:22  SCV  
  43  4:23  Starport Tech Lab  
  45  4:26  Supply Depot  
  44  4:34  SCV x2  
  49  4:45  Raven  
  45  4:46  SCV x2  
  45  4:47  Marine x2  
  45  4:48  Refinery x2  
  49  4:58  SCV x2  
  51  5:05  Marine x2  
  53  5:09  Engineering Bay  
  53  5:10  Engineering Bay, SCV x2  
  53  5:12  Siege Tank  
  58  5:22  SCV x2  
  58  5:26  Orbital Command  
  60  5:34  SCV x2  
  62  5:36  Marine  
  62  5:37  Stimpack  
  62  5:41  Terran Infantry Weapons Level 1  
  63  5:43  Starport Reactor  
  63  5:44  Terran Infantry Armor Level 1  
  63  5:46  SCV x2  
  65  5:55  Barracks  
  65  5:57  SCV  
  65  5:58  SCV x2  
  65  6:00  Barracks  
  65  6:03  Siege Tank  
  71  6:05  Marine  
  71  6:10  SCV  
  73  6:19  Barracks  
  73  6:22  Barracks  
  73  6:24  Supply Depot x2  
  73  6:26  Starport Reactor, Marine  
  73  6:27  SCV x2  
  76  6:44  Marine  
  76  6:45  Siege Tank, Marine  
  81  6:48  Supply Depot  
  81  6:50  Marine  
  81  6:54  Supply Depot  
  82  6:55  Marine x2  
  82  7:00  SCV x2  
  82  7:01  SCV  
  87  7:02  Marine, Armory  
  87  7:03  Marine, Medivac  
  87  7:04  Medivac  
  93  7:10  Marine  
  93  7:11  Supply Depot  
  93  7:14  Barracks Reactor x2  
  93  7:15  Marine x2  
  96  7:19  Siege Tank  
  96  7:20  Marine  
  96  7:21  Marine  
  101  7:27  Marine  
  91  7:33  Marine x2  
  87  7:38  Marine x2  
  87  7:39  SCV x2  
  87  7:40  SCV  
  80  7:45  Marine  
  80  7:50  Marine  
  80  7:51  Marine  
  74  7:56  Marine x2  
  74  7:57  Marine x3  
  81  7:59  Marine  
  81  8:00  Terran Infantry Weapons Level 2  
  81  8:03  Marine  
  81  8:06  Terran Infantry Armor Level 2  
  81  8:07  Combat Shields  
  81  8:08  Marine  
  81  8:11  Siege Tank, Orbital Command  
  85  8:13  Marine  
  85  8:14  Marine  
  85  8:15  Marine  
  85  8:17  Marine x2  
  85  8:19  Marine  
  90  8:28  SCV x2  
  90  8:29  Marine x2  
  90  8:30  Marine  
  90  8:31  Marine  
  80  8:35  Marine  
  80  8:36  Marine x2  
  80  8:38  Marine x2  
  80  8:40  SCV  
  84  8:46  Orbital Command  
  84  8:47  Marine x2  
  84  8:48  Marine  
  86  8:49  Marine  
  86  8:53  Supply Depot, Marine  
  86  8:54  Siege Tank, Terran Vehicle Weapons Level 1, Marine  
  91  8:57  Marine x3  
  91  8:58  SCV  
  91  8:59  SCV  
  96  9:05  Marine  
  97  9:11  SCV x2  
  97  9:15  Sensor Tower, SCV  
  97  9:16  Marine x2  
  97  9:17  Marine x4  
  102  9:23  SCV x2  
  102  9:24  Medivac  
  109  9:27  SCV, Medivac  
  109  9:30  Marine x2  
  113  9:34  Marine x2  
  113  9:35  SCV x2  
  117  9:38  Marine  
  117  9:39  SCV  
  117  9:40  Marine x2  
  117  9:42  Marine  
  110  9:47  SCV x2  
  110  9:48  Marine x2  
  110  9:51  SCV  
  110  9:52  Marine x2  
  103  9:53  Siege Tank  
  103  9:56  Marine  
  103  9:58  Marine  
  103  9:59  SCV x2  
  109  10:01  Marine x2  
  109  10:02  Factory  
  109  10:03  SCV  
  109  10:04  Refinery, Sensor Tower  
  112  10:07  Barracks Reactor  
  112  10:10  Marine x2  
  112  10:11  Marine x2  
  112  10:13  Medivac  
  112  10:14  Marine  
  118  10:15  Medivac  
  118  10:16  Marine  
  118  10:19  Refinery, Marine  
  123  10:24  Marine  
  123  10:28  Marine x2  
  123  10:35  Supply Depot  
  125  10:36  Supply Depot x2, Marine x3  
  125  10:49  Marine  
  122  10:53  Siege Tank  
  122  10:55  Marine x2  
  122  10:56  Marine  
  126  11:02  Marine x2  
  124  11:09  Marine x2  
  124  11:10  Siege Tank  
  120  11:15  Marine x2  
  120  11:16  Marine x2  
  120  11:17  Marine x2  
  120  11:19  Marine  
  120  11:23  Marine  
  120  11:25  Siege Tank  
  125  11:27  Marine x2  
  127  11:33  Marine x2  
  127  11:34  Marine x3  
  127  11:36  Marine  
  127  11:37  Marine  
  134  11:40  Marine  
  134  11:43  Siege Tank  
  134  11:44  Marine  
  134  11:45  Marine  
  140  11:50  Marine x2  
  140  11:51  Marine  
  140  11:52  Marine x2  
  143  11:54  Marine  
  143  11:55  Marine  
  143  11:59  Marine  
Show
View Real Time Build Order
Export as new Build Order

Semper Terran 

Build Orders: Cyclone Opening, Bio Tank 

Get SALT Encoding   

  12  0:00  SCV  
  13  0:12  SCV  
  14  0:17  Supply Depot  
  14  0:24  SCV  
  14  0:28  Refinery  
  15  0:39  SCV  
  16  0:44  Barracks  
  16  0:51  SCV  
  16  0:55  Refinery  
  17  1:03  SCV  
  18  1:15  SCV  
  19  1:30  Orbital Command  
  19  1:31  Reaper  
  20  1:35  Factory  
  20  1:44  Supply Depot  
  20  1:57  SCV  
  21  2:03  Reaper  
  22  2:10  SCV  
  23  2:20  Hellion  
  23  2:22  SCV  
  26  2:27  Command Center  
  26  2:35  SCV  
  27  2:37  Barracks Reactor  
  27  2:39  Supply Depot  
  27  2:46  Cyclone  
  27  2:49  SCV  
  31  2:59  Starport  
  31  3:01  SCV  
  32  3:14  SCV  
  33  3:20  Marine x2  
  33  3:21  Factory Tech Lab  
  33  3:26  SCV  
  36  3:35  Bunker  
  36  3:38  SCV  
  36  3:39  Orbital Command  
  37  3:41  Marine x2  
  37  3:46  Raven  
  37  3:48  Factory Tech Lab  
  41  3:51  SCV  
  40  4:00  Marine x2  
  42  4:03  SCV  
  42  4:05  Supply Depot, SCV  
  42  4:06  Siege Tank  
  47  4:15  SCV  
  49  4:17  SCV  
  49  4:19  Marine x2  
  51  4:27  SCV  
  51  4:29  SCV  
  49  4:37  Marine x2  
  49  4:38  Siege Tank  
  52  4:39  SCV  
  52  4:41  SCV  
  54  4:51  SCV  
  53  4:53  SCV  
  53  4:56  Starport Reactor  
  54  5:01  Barracks x2  
  54  5:03  SCV  
  54  5:04  Marine, Stimpack  
  54  5:05  SCV  
  57  5:07  Supply Depot  
  57  5:08  Engineering Bay, Refinery  
  57  5:15  SCV  
  57  5:17  SCV  
  59  5:21  Marine  
  59  5:27  SCV  
  61  5:29  Siege Tank, Supply Depot  
  61  5:30  SCV  
  61  5:33  Supply Depot  
  65  5:39  Marine, SCV  
  65  5:42  Terran Infantry Weapons Level 1, SCV  
  68  5:44  Refinery  
  68  5:50  Supply Depot, Marine x2  
  68  5:52  SCV  
  68  5:56  Marine x2  
  73  5:57  Marine  
  73  5:59  Starport Reactor, SCV  
  73  6:04  SCV  
  76  6:07  Supply Depot  
  76  6:08  Marine  
  76  6:10  Siege Tank  
  79  6:13  SCV  
  80  6:18  Marine  
  80  6:19  Marine x2  
  80  6:21  SCV  
  84  6:25  Marine  
  84  6:26  Marine  
  85  6:36  Marine x3  
  87  6:42  Siege Tank  
  87  6:43  Marine x2, SCV x2  
  87  6:46  Medivac x2  
  98  6:54  Marine x2  
  98  6:55  SCV  
  98  7:00  Command Center  
  98  7:01  Supply Depot  
  101  7:04  Supply Depot  
  101  7:05  Combat Shields  
  101  7:11  Marine  
  102  7:16  Medivac x2  
  102  7:21  Siege Tank  
  102  7:22  Marine  
  105  7:26  SCV x2  
  94  7:37  Marine  
  90  7:45  Marine x2  
  90  7:47  SCV x2  
  90  7:48  Marine x2  
  90  7:49  Medivac x2  
  89  7:54  Terran Infantry Armor Level 1  
  89  7:55  Marine  
  89  7:58  Siege Tank  
  93  7:59  SCV  
  93  8:02  Marine  
  93  8:03  Barracks  
  95  8:08  Barracks, SCV  
  95  8:10  Marine x2  
  98  8:14  Marine x2  
  100  8:20  Marine  
  101  8:27  Marine  
  101  8:28  Marine  
  93  8:34  Marine  
  93  8:36  Marine  
  93  8:38  Orbital Command  
  93  8:39  SCV  
  93  8:43  Marine  
  93  8:45  Marine  
  93  8:46  Marine  
  84  8:50  Siege Tank  
  84  8:52  Marine  
  84  8:54  Marine  
  84  8:55  Barracks Reactor x2  
  89  8:56  SCV  
  89  9:00  Marine  
  89  9:01  Orbital Command  
  91  9:03  Marine x2  
  91  9:09  Marine  
  93  9:10  SCV  
  93  9:12  Marine  
  93  9:15  Medivac x2  
  100  9:18  Marine  
  100  9:21  Marine  
  100  9:22  Armory  
  100  9:24  Engineering Bay  
  101  9:31  Sensor Tower  
  100  9:33  Marine x2  
  100  9:36  Siege Tank  
  105  9:40  Marine  
  105  9:44  Marine  
  100  9:48  Marine  
  100  9:50  Marine  
  100  9:52  Marine  
  95  9:53  Marine  
  95  9:55  Marine x3  
  95  9:57  SCV x3  
  102  10:00  Refinery  
  102  10:03  Refinery  
  102  10:07  Factory, Marine x2  
  102  10:09  Siege Tank  
  102  10:12  Marine  
  102  10:14  Marine x2  
  109  10:18  Marine x2  
  111  10:24  Marine x2  
  111  10:26  Marine x2  
  111  10:27  Medivac  
  117  10:30  Marine  
  117  10:32  SCV  
  117  10:33  Sensor Tower  
  119  10:37  Marine  
  119  10:41  Siege Tank  
  119  10:42  Marine  
  122  10:43  Marine x3  
  122  10:56  Marine x3  
  117  11:00  Marine  
  117  11:03  Marine  
  117  11:07  Marine  
  117  11:08  Factory Tech Lab  
  117  11:10  Supply Depot x2  
  115  11:13  Siege Tank  
  115  11:15  Marine x3  
  115  11:16  Liberator  
  109  11:19  Marine  
  109  11:20  Marine x2  
  109  11:23  Marine x2  
  114  11:28  Siege Tank  
  114  11:31  Marine  
  118  11:33  Marine  
  121  11:44  Marine x4  
  121  11:45  Siege Tank, Marine  
  121  11:46  Marine  
  129  11:49  Marine x2  
  129  11:51  Marine  
  98  12:02  Marine x4  
  98  12:03  Marine  
Tags
 
Add a new tag
Caveats
  • Supply blocks, unpowered buildings, or Contaminate may cause inaccurate times.
  • Supply counts are checked every 10 seconds.